 Dungeon Crawl Stone Soup version 0.26-a0-665-gefeb406119 (webtiles) character file.

Game seed: 16757718538646208610

192 robertstho the Slinger (level 6, 0/41 HPs)
             Began as a Halfling Hunter on Oct 14, 2020.
             Killed by divine providence
             ... invoked by an orc priest
              (11 damage)
             ... on level 3 of the Dungeon.
             The game lasted 00:02:24 (1989 turns).

robertstho the Slinger (Halfling Hunter)            Turns: 1989, Time: 00:02:24

Health: 0/41       AC:  3    Str: 15    XL:     6   Next: 2%
Magic:  6/6        EV: 15    Int:  9    God:
Gold:   98         SH:  0    Dex: 15    Spells: 5/5 levels left

rFire    . . .     SeeInvis .   b - +0 short sword
rCold    . . .     Faith    .   (shield restricted)
rNeg     . . .     Spirit   .   c - +0 leather armour
rPois    .         Reflect  .   (no helmet)
rElec    .         Harm     .   (no cloak)
rCorr    .         Rampage  .   (no gloves)
MR       .....                  (no boots)
Stlth    ++........             (no amulet)
HPRegen  0.13/turn              (no ring)
MPRegen  0.10/turn              (no ring)

@: mighty
A: small, mutation resistance 1
a: no special abilities


You were on level 3 of the Dungeon.
You visited 1 branch of the dungeon, and saw 3 of its levels.

You collected 98 gold pieces.

Inventory:

Hand Weapons
 a - a +1 hunting sling
 b - a +0 short sword (weapon)
Missiles
 g - 39 stones (quivered)
Armour
 c - a +0 leather armour (worn)
Jewellery
 e - a +4 ring of evasion {unknown}
Scrolls
 h - a scroll of fog {unknown}
 i - a scroll of immolation {unknown}
 j - 3 scrolls of identify {unknown}
 m - a scroll of enchant weapon {unknown}
 o - a scroll of random uselessness {unknown}
 p - 2 scrolls of noise {unknown}
Potions
 k - a potion of lignification {unknown}
 l - a potion of flight {unknown}
 n - a potion of curing


   Skills:
 + Level 2.7 Fighting
 + Level 8.3 Slings
 + Level 1.7 Armour
 + Level 2.8 Dodging
 + Level 1.1 Stealth


You had 5 spell levels left.
You didn't know any spells.
Your spell library was empty.

Dungeon Overview and Level Annotations

Branches:
Dungeon (3/15)

Altars:


Innate Abilities, Weirdness & Mutations

You are small and have problems with some larger weapons.
You are somewhat resistant to further mutation.


Message History

The orc is heavily wounded.
The orc hits you with a +0 mace.
The orc priest mumbles some strange prayers to Beogh against you.
Beogh smites you!
* * * LOW HITPOINT WARNING * * *
It was a potion of curing.
You feel better. The orc closely misses you.
You aren't carrying any items that you can evoke.
It was a potion of might.
You feel very mighty all of a sudden. The orc closely misses you.
b - a +0 short sword (weapon)
You barely miss the orc.
The orc is heavily wounded.
The orc hits you with a +0 mace.
* * * LOW HITPOINT WARNING * * *
You closely miss the orc.
The orc is heavily wounded.
The orc priest calls down the wrath of Beogh upon you.
Beogh smites you!
You die...

#...## ##....#
#<)...### #†......# .
.. #.##..#.######..
(...###.##..#.........
....o()o##............
##o###.#.........
#@##....####....
#............# .
###...#.###..# #.#.#.#
# #....#. #.#.##..
#.#.. .>. #.#.......
..#........


You could see an orc priest and an orc.

Vanquished Creatures
  An orc priest (D:3)
  Jessica (D:2)
  4 gnolls (D:2)
  5 adders
  2 dart slugs
  A leopard gecko (D:2)
  2 orcs (D:3)
  5 bats
  4 giant cockroaches
  6 goblins
  2 hobgoblins
  7 kobolds
  A quokka (D:2)
  A ball python (D:1)
  3 frilled lizards
  8 rats
53 creatures vanquished.

Notes
Turn   | Place    | Note
-------+----------+-------------------------------------------
     0 | D:1      | robertstho the Halfling Hunter began the quest for the Orb.
     0 | D:1      | Reached XP level 1. HP: 14/14 MP: 1/1
    47 | D:1      | Reached skill level 6 in Slings
   107 | D:1      | Reached XP level 2. HP: 19/19 MP: 2/2
   661 | D:2      | Reached XP level 3. HP: 24/24 MP: 3/3
   891 | D:2      | Reached skill level 7 in Slings
   891 | D:2      | Reached XP level 4. HP: 30/30 MP: 4/4
  1042 | D:2      | Noticed Jessica
  1045 | D:2      | Killed Jessica
  1045 | D:2      | Reached skill level 1 in Armour
  1045 | D:2      | Reached XP level 5. HP: 35/35 MP: 5/5
  1892 | D:3      | Reached skill level 8 in Slings
  1972 | D:3      | Reached XP level 6. HP: 31/41 MP: 6/6
  1989 | D:3      | Killed from afar by an orc priest

Illustrated notes

Levels and vault maps discovered:
D:1:      co_arrival_square_in_a_square_in_a_square, layout_loops_ring
D:2:      layout_basic, minmay_statues_item, uniq_jessica
D:3:      layout_loops_cross

Skill      XL: |  1  2  3  4  5 |
---------------+----------------+-----
Slings         | 6 7 8 |  8.3
Fighting       | 2 |  2.7
Armour         | 1 |  1.7
Dodging        | |  2.8
Stealth        | |  1.1

Action                   |  1- 3 |  4- 6 || total
-------------------------+-------+-------++-------
Melee: Short sword       |       |     2 ||     2
 Fire: Hunting sling     |    61 |   109 ||   170
  Use: Potion            |       |     2 ||     2
Armor: Leather armour    |     3 |     3 ||     6
Dodge: Dodged            |     9 |    26 ||    35

Table legend: (Time is in decaauts)
 A = Elapsed time spent in this place.
 B = Non-inter-level travel time spent in this place.
 C = Inter-level travel time spent in this place.
 D = Time resting spent in this place.
 E = Time spent auto-exploring this place.
 F = Levels seen in this place.
 G = Mean time per level.
                   A        B        C        D        E       F      G
               +--------+--------+--------+--------+--------+-----+--------+
         Total |   1959 |   1914 |     45 |      0 |   1618 |   3 |  653.0 |
       Dungeon |   1959 |   1914 |     45 |      0 |   1618 |   3 |  653.0 |
               +--------+--------+--------+--------+--------+-----+--------+

Top non-repeatable levels by time:
     D:2: 1236 daAuts
     D:1: 627 daAuts
     D:3: 95 daAuts
